 Dungeon Crawl Stone Soup version 0.26.1-11-gd32895ea62 (webtiles) character file.

Game seed: 8359676195544257447

11285 DildoBatman the Blocker (level 12, -4/86 HPs)
             Began as a Formicid Conjurer on May 10, 2021.
             Was an Elder of Kikubaaqudgha.
             Hit by a silver javelin thrown by a minotaur (7 damage)
             ... in a Gauntlet.
             The game lasted 00:49:28 (9479 turns).

DildoBatman the Blocker (Formicid Conjurer)         Turns: 9479, Time: 00:49:28

Health: -4/86      AC: 11    Str: 11    XL:     12   Next: 5%
Magic:  21/21      EV: 31    Int: 24    God:    Kikubaaqudgha [****..]
Gold:   795        SH: 17    Dex: 12    Spells: 5/23 levels left

rFire    + + .     SeeInvis +   a - +7 dagger of Income {vorpal, +Rage rF+ Dex+3 Stlth-}
rCold    + + .     Faith    .   l - +1 tower shield
rNeg     + . .     Spirit   .   n - +2 robe {rC+}
rPois    +         Reflect  .   (helmet unavailable)
rElec    .         Harm     .   g - +0 cloak
rCorr    .         Rampage  .   y - +2 pair of gloves of Entitlement {-Tele rN+ Regen+}
Will     +....                  j - +1 pair of boots "Oczere" {+Fly rF+ rC+}
Stlth    +.........             O - amulet of the acrobat
HPRegen  0.64/turn              H - ring of poison resistance
MPRegen  0.17/turn              R - +4 ring of evasion

@: acrobat
A: permanent stasis, dig shafts and tunnels, four strong arms, antennae 3
a: Dig, Renounce Religion, Evoke Flight, Receive Corpses


You were in a Gauntlet.
You worshipped Kikubaaqudgha.
Kikubaaqudgha was greatly pleased with you.
You visited 1 branch of the dungeon, and saw 11 of its levels.
You also visited: Gauntlet.

You collected 795 gold pieces.

Inventory:

Hand Weapons
 a - the +7 dagger of Income (weapon) {vorpal, +Rage rF+ Dex+3 Stlth-}
   (You found it on level 4 of the Dungeon)

   It inflicts extra damage upon your enemies.
   It affects your dexterity (+3).
   It protects you from fire.
   It lets you go berserk.
   It makes you less stealthy.
 b - a +4 halberd
 d - a +3 scimitar of flaming
 e - a +2 dagger of electrocution
 r - a +2 broad axe of freezing
Missiles
 h - 7 silver javelins
 t - 19 stones
 A - 42 poisoned darts
 D - 3 javelins
 E - 3 atropa-tipped darts
 Q - 2 throwing nets
 S - 6 curare-tipped darts
Armour
 g - a +0 cloak (worn)
 j - the +1 pair of boots "Oczere" (worn) {+Fly rF+ rC+}
   (You found it in a Gauntlet)

   It protects you from fire.
   It protects you from cold.
   It lets you fly.
 l - a +1 tower shield (worn)
 n - a +2 robe of cold resistance (worn)
 y - the +2 pair of gloves of Entitlement (worn) {-Tele rN+ Regen+}
   (You found it in a Gauntlet)

   It protects you from negative energy.
   It prevents most forms of teleportation.
   It increases your rate of regeneration.
Jewellery
 H - a ring of poison resistance (left hand)
 K - an uncursed ring of willpower
 O - an amulet of the acrobat (around neck)
 R - a +4 ring of evasion (right hand)
Wands
 f - a wand of disintegration (7)
 W - a wand of flame (22)
Scrolls
 o - 5 scrolls of fear
 p - a scroll of immolation
 u - a scroll of noise
 v - 2 scrolls of enchant weapon
 w - 3 scrolls of amnesia
 z - a scroll of identify
 C - 2 scrolls of magic mapping
 I - a scroll of brand weapon {unknown}
 N - a scroll of enchant armour
Potions
 c - a potion of lignification
 i - a potion of resistance {unknown}
 k - 2 potions of haste
 m - 2 potions of cancellation
 q - 5 potions of curing
 s - 2 potions of magic
 x - 5 potions of flight
 B - 3 potions of brilliance
 F - a potion of attraction {unknown}
 G - a potion of might
 T - a potion of mutation {unknown}


   Skills:
 - Level 5.0 Fighting
 - Level 5.0 Armour
 - Level 3.0 Dodging
 - Level 2.4 Stealth
 * Level 11.5 Shields
 - Level 6.0 Spellcasting
 - Level 6.0 Conjurations
 - Level 8.2 Necromancy
 - Level 5.0 Fire Magic
 - Level 4.0 Air Magic
 - Level 4.0 Poison Magic


You had 5 spell levels left.
You knew the following spells:

 Your Spells              Type           Power        Failure   Level
a - Searing Ray           Conj           72%          1%          2
b - Conjure Flame         Conj/Fire      33%          4%          3
c - Magic Dart            Conj           100%         1%          1
d - Vampiric Draining     Necr           23%          1%          3
e - Mephitic Cloud        Conj/Pois/Air  29%          8%          3
h - Dispel Undead         Necr           46%          5%          4
z - Sublimation of Blood  Necr           23%          1%          2

Your spell library contained the following spells:

 Spells                   Type           Power        Failure   Level
 Animate Skeleton         Necr           92%          1%          1
 Pain                     Necr           100%         1%          1
 Animate Dead             Necr           23%          5%          4
 Dazzling Flash           Conj/Hex       42%          14%         3
 Agony                    Necr           46%          16%         5
 Excruciating Wounds      Necr           23%          16%         5
 Call Imp                 Summ           7%           24%         2
 Slow                     Hex            7%           24%         2
 Fulminant Prism          Conj/Hex       10%          43%         4
 Iskenderun's Mystic Bla  Conj/Tloc      21%          43%         4
 Death Channel            Necr           23%          65%         6
 Simulacrum               Ice/Necr       13%          99%         6
 Blink                    Tloc           Unusable     N/A         2

Dungeon Overview and Level Annotations

Branches:
Dungeon (11/15)            Temple (0/1) D:7            Lair (0/6) D:9
    Orc (0/2) D:11        Gauntlet (1/1)

Altars:
Cheibriados
Dithmenos
Kikubaaqudgha
Makhleb
Okawaru
Qazlal
Yredelemnul
The Shining One

Shops:
D:10 [

Annotations:
D:2 exclusion: torpor snail
D:8 exclusion: electric eel Gauntlet 8 transporters


Innate Abilities, Weirdness & Mutations

You cannot be hasted, slowed, berserked, paralysed or teleported.
You can dig through walls and to a lower floor.
Your four strong arms can wield two-handed weapons with a shield.
You have a pair of large antennae on your head. (SInv)


Message History

Found a potion of haste.
You retract your mandibles.
k - 2 potions of haste (gained 1)
You extend your mandibles.
You dig through the rock wall.
You dig through the rock wall.
You dig through the rock wall.
You retract your mandibles.
You see here 7 silver javelins.
h - 7 silver javelins The minotaur throws a silver javelin.
The silver javelin pierces through you!
The minotaur throws a silver javelin.
The silver javelin completely misses you.
The minotaur throws a silver javelin.
The silver javelin pierces through you!!
The minotaur throws a silver javelin.
The silver javelin pierces through you!!
You die...
Kikubaaqudgha rasps: "You have failed me!
Welcome... death!"

.#.^##.##^.#...#.≈...≈.≈.#...#.#.
.#....©....#...#w.≈.©(.≈.#.8.#..!
.###########...###########...####
.................................
............≈∩≈..................
#################################
#8##≈...............≈##8# #8# #8
####8.8.8..©.©.(8.8.8#### ### ##
#≈..(..H....@((..§#
#####.###.###(#####
###.###.###.### #.............#
#.###.###.###.# #.............#
#####.#'###.### #{##.##.##
#{#..∩.##


You could see a minotaur and a swamp worm.

Vanquished Creatures
  Gastronok (D:10)
  A hell beast (Gauntlet)
  An ugly thing (D:11)
  An elephant (D:9)
  An efreet (Gauntlet)
  2 trolls
  Prince Ribbit (D:6)
  A hornet (D:10)
  9 yaks
  2 fire elementals (Gauntlet)
  Eustachio (D:6)
  2 steam dragons (D:6)
  A soldier ant (D:10)
  Menkaure (D:4)
  A hell hound (Gauntlet)
  3 orc warriors
  3 ice beasts
  2 phantoms (D:10)
  A necrophage (D:11)
  8 ogres
  3 black bears
  4 centaurs
  4 bullfrogs
  Blork the orc (D:4)
  8 scorpions
  8 killer bees
  6 wights
  A quasit (D:9)
  2 bullfrog zombies
  4 hounds
  4 bullfrog skeletons
  2 gnoll shamans
  4 orc priests
  A jelly (D:9)
  7 orc wizards
  An iguana (D:8)
  5 worker ants
  2 hound zombies
  A hound skeleton (D:8)
  A worker ant zombie (D:6)
  13 adders
  17 gnolls
  3 shadow imps
  4 white imps
  2 ufetubi
  3 oozes
  3 adder skeletons
  An adder zombie (D:7)
  7 worms
  4 dart slugs (D:1)
  7 leopard geckos
  32 orcs
  3 ball pythons
  12 bats
  5 giant cockroaches
  7 goblins
  9 hobgoblins
  23 jackals
  6 kobolds
  2 quokkas
  5 frilled lizards
  A jackal skeleton (D:4)
  A leopard gecko zombie (D:6)
  10 rats
292 creatures vanquished.

Vanquished Creatures (collateral kills)
  2 hell hounds (Gauntlet)
  A killer bee (D:11)
3 creatures vanquished.

Vanquished Creatures (others)
  An electric eel (D:8)
  6 fungi (D:6)
  A plant (D:9)
8 creatures vanquished.

Grand Total: 303 creatures vanquished

Notes
Turn   | Place    | Note
-------+----------+-------------------------------------------
     0 | D:1      | DildoBatman the Formicid Conjurer began the quest for the
                  | Orb.
     0 | D:1      | Reached XP level 1. HP: 13/13 MP: 3/3
   208 | D:1      | Reached XP level 2. HP: 19/19 MP: 1/5
   213 | D:1      | Learned a level 2 spell: Searing Ray
   455 | D:1      | Reached XP level 3. HP: 23/24 MP: 2/6
   690 | D:1      | Reached XP level 4. HP: 26/30 MP: 7/7
   897 | D:2      | Reached skill level 5 in Conjurations
   944 | D:2      | Reached XP level 5. HP: 32/35 MP: 0/8
   960 | D:2      | Found a snail-covered altar of Cheibriados.
   960 | D:2      | Noticed a torpor snail
   960 | D:2      | Noticed a torpor snail
   962 | D:2      | Noticed a torpor snail
  1009 | D:2      | Found a burning altar of Makhleb.
  1606 | D:3      | Reached skill level 1 in Armour
  1606 | D:3      | Reached XP level 6. HP: 42/42 MP: 4/9
  1607 | D:3      | Reached skill level 1 in Fighting
  1908 | D:3      | Found a faded altar of an unknown god.
  2555 | D:4      | Found a basalt altar of Yredelemnul.
  2559 | D:4      | Found an iron altar of Okawaru.
  2562 | D:4      | Found a stormy altar of Qazlal.
  2578 | D:4      | Noticed an ogre
  2667 | D:5      | Entered Level 5 of the Dungeon
  2811 | D:5      | Found an ancient bone altar of Kikubaaqudgha.
  2819 | D:5      | Became a worshipper of Kikubaaqudgha
  2921 | D:5      | Reached XP level 7. HP: 29/50 MP: 3/13
  3106 | D:3      | Reached skill level 5 in Spellcasting
  3242 | D:4      | Learned a level 3 spell: Conjure Flame
  3246 | D:4      | Learned a level 3 spell: Mephitic Cloud
  3290 | D:4      | Reached XP level 8. HP: 48/56 MP: 13/16
  3323 | D:4      | Reached skill level 1 in Poison Magic
  3445 | D:4      | Reached skill level 1 in Fire Magic
  3564 | D:4      | Noticed Menkaure
  3583 | D:4      | Reached skill level 1 in Air Magic
  3586 | D:4      | Killed Menkaure
  3586 | D:4      | Reached * piety under Kikubaaqudgha
  3586 | D:4      | Identified Kikubaaqudgha's Handbook of Sinister Arts
                  | (Kikubaaqudgha gifted it to you on level 4 of the Dungeon)
  3586 | D:4      | Received a gift from Kikubaaqudgha
  3595 | D:4      | Learned a level 2 spell: Sublimation of Blood
  3599 | D:4      | Learned a level 3 spell: Vampiric Draining
  3607 | D:4      | Noticed Blork the orc
  3611 | D:4      | Killed Blork the orc
  3648 | D:4      | Got an ichor-stained dagger
  3649 | D:4      | Identified the +7 dagger of Income {vorpal, +Rage rF+ Dex+3
                  | Stlth-} (You found it on level 4 of the Dungeon)
  4503 | D:6      | Noticed Prince Ribbit
  4521 | D:6      | Killed Prince Ribbit
  4522 | D:6      | Reached XP level 9. HP: 59/61 MP: 8/18
  4775 | D:6      | Noticed Eustachio
  4821 | D:6      | Killed Eustachio
  5014 | D:6      | Reached skill level 5 in Fire Magic
  5100 | D:6      | Reached skill level 1 in Necromancy
  5496 | D:7      | Found a glowing golden altar of the Shining One.
  5507 | D:7      | Reached ** piety under Kikubaaqudgha
  5637 | D:7      | Found a staircase to the Ecumenical Temple.
  6073 | D:8      | Found a shadowy altar of Dithmenos.
  6188 | D:8      | Reached XP level 10. HP: 65/71 MP: 14/19
  6273 | D:8      | Found an ancient bone altar of Kikubaaqudgha.
  6687 | D:8      | Reached skill level 5 in Fighting
  6687 | D:8      | Reached skill level 5 in Armour
  6890 | D:9      | Reached skill level 5 in Necromancy
  6898 | D:9      | Found a staircase to the Lair.
  6898 | D:9      | Noticed an elephant
  6912 | D:9      | Killed an elephant
  7043 | D:9      | Reached *** piety under Kikubaaqudgha
  7043 | D:9      | Identified Kikubaaqudgha's Guide on Evil Secrets
                  | (Kikubaaqudgha gifted it to you on level 9 of the Dungeon)
  7043 | D:9      | Received a gift from Kikubaaqudgha
  7546 | D:10     | Entered Level 10 of the Dungeon
  7653 | D:10     | Learned a level 4 spell: Dispel Undead
  7667 | D:10     | Noticed Gastronok
  7682 | D:10     | Reached skill level 1 in Shields
  7685 | D:10     | Reached XP level 11. HP: 78/79 MP: 10/20
  7729 | D:10     | Killed Gastronok
  7730 | D:10     | Reached skill level 7 in Shields
  7947 | D:10     | Reached skill level 8 in Shields
  8043 | D:10     | Found Wufuipina's Antique Armour Shoppe.
  8125 | D:10     | Reached **** piety under Kikubaaqudgha
  8584 | D:11     | Reached skill level 9 in Shields
  8607 | D:11     | Noticed a brown ugly thing
  8641 | D:11     | Reached skill level 10 in Shields
  8698 | D:11     | Killed a brown ugly thing
  8738 | D:11     | Found a gate leading to a gauntlet.
  8802 | Gauntlet | Entered a Gauntlet
  8802 | Gauntlet | Found a transporter.
  8802 | Gauntlet | Found a transporter.
  8802 | Gauntlet | Found a transporter.
  8802 | Gauntlet | Found a transporter.
  8802 | Gauntlet | Noticed a hell beast
  8806 | Gauntlet | Found a transporter.
  8817 | Gauntlet | Found a transporter.
  8838 | Gauntlet | Found a transporter.
  8858 | Gauntlet | Noticed a queen ant
  8860 | Gauntlet | Found a transporter.
  8880 | Gauntlet | Found a transporter.
  8885 | Gauntlet | Noticed a tengu warrior
  8886 | Gauntlet | Found a transporter.
  8904 | Gauntlet | Found a transporter.
  8956 | Gauntlet | Found a transporter.
  9071 | Gauntlet | Killed a hell beast
  9072 | Gauntlet | Reached skill level 11 in Shields
  9097 | Gauntlet | Got a pair of buzzing boots
  9121 | Gauntlet | Identified the +1 pair of boots "Oczere" {+Fly rF+ rC+}
                  | (You found it in a Gauntlet)
  9232 | Gauntlet | Reached XP level 12. HP: 71/86 MP: 8/21
  9245 | Gauntlet | Got a pair of faintly glowing gloves
  9292 | Gauntlet | Identified the +2 pair of gloves of Entitlement {-Tele rN+
                  | Regen+} (You found it in a Gauntlet)
  9412 | Gauntlet | Noticed a minotaur
  9479 | Gauntlet | HP: 3/86 [minotaur/silver javelin (21)]
  9479 | Gauntlet | Hit by a silver javelin thrown by a minotaur

Illustrated notes

Levels and vault maps discovered:
D:1:      nzn_arrival_crosshair, layout_rooms,
          hangedman_abyss_or_decor_lesser_grid, minmay_small_reverse_x
D:2:      layout_loops_cross, nicolae_overflow_crystal_walls,
          cheibriados_altar_2
D:3:      layout_loops_cross, chequers_ecumenical_altar_simple,
          wad_rectangle_vault
D:4:      layout_gridville, minitemple, uniq_menkaure, uniq_blork_the_orc
D:5:      layout_gridville, kiku_gazebo_pond_becter
D:6:      kennysheep_steamy, layout_gridville, uniq_prince_ribbit1,
          uniq_eustachio
D:7:      layout_gridville, lemuel_doored_altar, temple_fountains,
          roderic_lattice_a
D:8:      cheibrodos_two_vegetables, layout_basic, basic_altar,
          nicolae_dithmenos_the_darkroom
D:9:      layout_roguey, david_lair_generic
D:10:     layout_long_grid, serial_shops, nicolae_shop_overgrown_old_shop,
          nicolae_benzene_ring, uniq_gastronok
D:11:     layout_rooms, erik_orc_3, gauntlet_entry_generic,
          kennysheep_generic_room_12
Gauntlet: gammafunk_gauntlet_shortcut [gammafunk_gauntlet_arena_open,
          gammafunk_gauntlet_arena_split_diamond,
          gammafunk_gauntlet_arena_corners, gammafunk_gauntlet_arena_teeth,
          gammafunk_gauntlet_arena_split_x, nicolae_gauntlet_arena_flowing_pool,
          gauntlet_exit_hidden_loot]

Skill      XL: |  1  2  3  4  5  6  7  8  9 10 11 |
---------------+----------------------------------+-----
Conjurations   | 4 5 6 |  6.0
Armour         | 1 2 3 5 |  5.0
Fighting       | 2 3 5 |  5.0
Spellcasting   | 4 5 6 |  6.0
Poison Magic   | 4 |  4.0
Fire Magic     | 4 5 |  5.0
Air Magic      | 3 4 |  4.0
Dodging        | 3 |  3.0
Necromancy     | 2 8 |  8.2
Shields        | 1 11 | 11.5
Stealth        | |  2.4

Action                   |  1- 3 |  4- 6 |  7- 9 | 10-12 || total
-------------------------+-------+-------+-------+-------++-------
Melee: Unarmed           |     4 |       |       |       ||     4
       Dagger            |    17 |     2 |    72 |    33 ||   124
       Whip              |    21 |    47 |       |       ||    68
       Short sword       |       |    37 |       |       ||    37
       Halberd           |       |       |       |   234 ||   234
       Trident           |       |       |       |    22 ||    22
 Cast: Magic Dart        |    50 |    35 |    23 |    10 ||   118
       Searing Ray       |       |    21 |    38 |    26 ||    85
       Conjure Flame     |       |       |    13 |    22 ||    35
       Mephitic Cloud    |       |       |       |    14 ||    14
       Vampiric Draining |       |       |       |    12 ||    12
       Dispel Undead     |       |       |       |     3 ||     3
       Sublimation of Bl |       |       |       |     1 ||     1
 Abil: Dig               |     2 |    16 |    24 |    19 ||    61
  Use: Scroll            |       |     4 |     1 |    18 ||    23
       Potion            |       |       |       |     5 ||     5
 Stab: Sleeping          |     3 |     4 |       |     1 ||     8
       Confused          |       |       |       |     4 ||     4
       Distracted        |       |       |       |     1 ||     1
Armor: Robe              |    16 |    27 |    20 |    56 ||   119
       Skin              |       |       |       |     6 ||     6
Dodge: Dodged            |    45 |    78 |    71 |   269 ||   463
Block: Tower shield      |       |       |       |    38 ||    38
